 Dungeon Crawl Stone Soup version 0.25-a0-700-g7f8a7979f0 (webtiles) character file.

Game seed: 1934255512147843571, levelgen mode: deterministic

51 Iscandelvey the Charmwright (level 3, -1/27 HPs)
             Began as a Demonspawn Skald on Apr 2, 2020.
             Slain by a quokka (3 damage)
             ... on level 2 of the Dungeon.
             The game lasted 00:01:43 (1355 turns).

Iscandelvey the Charmwright (Demonspawn Skald)      Turns: 1355, Time: 00:01:44

Health: -1/27      AC:  4    Str: 11    XL:     3   Next: 58%
Magic:  6/6        EV: 12    Int: 15    God:
Gold:   41         SH:  0    Dex: 12    Spells: 5/6 levels left

rFire    . . .     SeeInvis .   a - +0 spear
rCold    . . .     Gourm    .   (no shield)
rNeg     . . .     Faith    .   b - +0 leather armour
rPois    .         Spirit   .   e - +0 helmet
rElec    .         Reflect  .   (no cloak)
rCorr    .         Harm     .   (no gloves)
MR       .....                  (no boots)
Stlth    +.........             (no amulet)
HPRegen  0.09/turn              (no ring)
MPRegen  0.10/turn              (no ring)

@: lethally poisoned (-1 -> -8), flying
A: hooves 1, demonic guardian 1
a: no special abilities


You were on level 2 of the Dungeon.
You were not hungry.

You visited 1 branch of the dungeon, and saw 2 of its levels.

You collected 41 gold pieces.

Inventory:

Hand Weapons
 a - a +0 spear (weapon)
Armour
 b - a +0 leather armour (worn)
 e - a +0 helmet (worn)
Scrolls
 c - 3 scrolls of identify {unknown}
 g - a scroll of enchant armour {unknown}
 i - a scroll of teleportation {unknown}
Comestibles
 d - 3 rations


   Skills:
 + Level 2.2 Fighting
 + Level 2.3 Polearms
 + Level 1.7 Armour
 + Level 2.0 Dodging
 + Level 2.1 Spellcasting
 + Level 3.1 Charms


You had 5 spell levels left.
You knew the following spells:

 Your Spells              Type           Power        Failure   Level  Hunger
a - Infusion              Chrm           ##..         8%          1    #......

Your spell library contained the following spells:

 Spells                   Type           Power        Failure   Level  Hunger
 Song of Slaying          Chrm           ##......     12%         2    ###....
 Shroud of Golubria       Chrm/Tloc      #.....       22%         2    ###....
 Ozocubu's Armour         Chrm/Ice       #.......     41%         3    ###....
 Spectral Weapon          Hex/Chrm       #.......     41%         3    ###....


Dungeon Overview and Level Annotations

Branches:
Dungeon (2/15)

Altars:


Innate Abilities, Weirdness & Mutations

You have large cloven feet.
A weak demonic guardian rushes to your aid.


Message History

You see here 10 gold pieces.
You barely miss the quokka.
* * * LOW HITPOINT WARNING * * *
You feel sick. The quokka misses you.
You hit the quokka.
The quokka is severely wounded.
* * * LOW HITPOINT WARNING * * *
You feel sick.
The quokka twitches its whiskers.
The quokka bites you.
* * * LOW HITPOINT WARNING * * *
It was a potion of flight.
You feel very buoyant.
You fly up into the air.
The quokka barely misses you. The quokka bites you.
* * * LOW HITPOINT WARNING * * *
You closely miss the quokka. Your kick misses the quokka.
The quokka is severely wounded.
* * * LOW HITPOINT WARNING * * *
You feel sick. The quokka bites you.
You die...

#.. #.. ... ###### ##.#
##.....## ####..#
#.......###.....#
.........##.....#####
........r##..........
........@.......#####
................#
..........###...#
.........## #.†)##
.[.......#####...########
.........................
.......>.#####.#.......#
...%.....# ##..##......#
....###?.###......#


You could see a quokka.

Vanquished Creatures
  An adder (D:2)
  2 oozes (D:1)
  A dart slug (D:1)
  A leopard gecko (D:1)
  2 giant cockroaches (D:1)
  3 goblins (D:1)
  6 hobgoblins
  4 kobolds (D:1)
  A quokka (D:2)
  7 bats
  2 frilled lizards (D:1)
  A rat (D:1)
31 creatures vanquished.

Notes
Turn   | Place    | Note
-------+----------+-------------------------------------------
     0 | D:1      | Iscandelvey the Demonspawn Skald began the quest for the
                  | Orb.
     0 | D:1      | Reached XP level 1. HP: 16/16 MP: 3/3
    74 | D:1      | Reached skill level 3 in Charms
    81 | D:1      | Gained mutation: A weak demonic guardian rushes to your
                  | aid. [demonic ancestry]
    81 | D:1      | Reached XP level 2. HP: 15/22 MP: 5/5
   465 | D:1      | Reached skill level 1 in Armour
   708 | D:1      | Gained mutation: You have large cloven feet. [demonic
                  | ancestry]
   708 | D:1      | Reached XP level 3. HP: 19/27 MP: 6/6
  1355 | D:2      | Slain by a quokka

Levels and vault maps discovered:
D:1:      psy_arrival_fountain, layout_loops_ring, chequers_mini_garden
D:2:      layout_rooms, marbit_many_paths

Skill      XL: |  1  2  3 |
---------------+----------+-----
Charms         | 3 |  3.1
Polearms       | 2 |  2.3
Armour         | 1 |  1.7
Dodging        | 2 |  2.0
Fighting       | |  2.2
Spellcasting   | |  2.1

Action                   || total
-------------------------++-------
Melee: Spear             ||   168
       Kick              ||    11
  Use: Potion            ||     1
  Eat: Chunk             ||     2
Armor: Leather armour    ||    46
Dodge: Dodged            ||    94

Table legend:
 A = Non-vault XP
 B = Vault XP
 C = Vault XP percentage of total XP
 D = Non-vault monster count
 E = Vault monster count
 F = Vault count percentage of total count
                 A         B        C        D         E       F
            +---------+---------+-------+---------+---------+-------
      Total |      74 |       0 |   0.0 |      31 |       0 |   0.0
            +---------+---------+-------+---------+---------+-------
        D:1 |      54 |       0 |   0.0 |      26 |       0 |   0.0
        D:2 |      20 |       0 |   0.0 |       5 |       0 |   0.0
            +---------+---------+-------+---------+---------+-------
